 Dungeon Crawl Stone Soup version 0.29-a0-925-g0a7a3d12f8 (webtiles) character file.

Game seed: 909453170969958411

39 tsouns the Sneak (level 3, 0/30 HPs)
             Began as a Human Delver on July 28, 2022.
             Slain by Grinder (7 damage)
             ... on level 3 of the Dungeon.
             The game lasted 00:02:07 (1679 turns).

tsouns the Sneak (Human Delver)                     Turns: 1679, Time: 00:02:08

Health: 0/30       AC:  4    Str: 12    XL:     3   Next: 70%
Magic:  3/3        EV: 12    Int: 12    God:
Gold:   40         SH:  0    Dex: 14    Spells: 2/2 levels left

rFire   . . .      SeeInvis .   l - +2 dagger (elec)
rCold   . . .      Faith    .   (no shield)
rNeg    . . .      Spirit   .   b - +0 leather armour
rPois   .          Reflect  .   h - +0 helmet
rElec   .          Harm     .   (no cloak)
rCorr   .          Rampage  .   (no gloves)
Will    .....                   (no boots)
Stlth   +++.......              (no amulet)
HPRegen 0.10/turn               (no ring)
MPRegen 0.08/turn               (no ring)

@: no status effects
A: no striking features
a: no special abilities


You were on level 3 of the Dungeon.
You visited 1 branch of the dungeon, and saw 4 of its levels.

You collected 40 gold pieces.

Inventory:

Hand Weapons
 a - a +0 falchion
 e - a +2 dagger of venom
 l - a +2 dagger of electrocution (weapon)
Armour
 b - a +0 leather armour (worn)
 h - a +0 helmet (worn)
 i - a +0 chain mail
Wands
 g - a wand of digging (3)
Scrolls
 c - a scroll of fog
 d - 3 scrolls of magic mapping
 k - 3 scrolls of teleportation {unknown}
 n - 3 scrolls of identify {unknown}
 o - a scroll of immolation {unknown}
Potions
 f - 2 potions of ambrosia {unknown}
 j - a potion of curing {unknown}
 m - a potion of invisibility {unknown}
 p - a potion of heal wounds {unknown}


   Skills:
 + Level 3.7 Fighting
 + Level 3.0 Long Blades
 - Level 2.0 Dodging
 - Level 5.0 Stealth


You had 2 spell levels left.
You didn't know any spells.
Your spell library was empty.

Dungeon Overview and Level Annotations

Branches:
Dungeon (5/15)
 Temple: D:4-7

Altars:

Shops:
D:2 (

Annotations:
D:3 Grinder


Message History

Level annotation: Grinder Grinder gestures at you.
You suddenly lose the ability to move!
Grinder says, "I used to sell toenails on the black market."
Grinder gestures at you.
You shrug off the repeated paralysis!
You can move again.
There is a stone staircase leading up here.
Unknown command.
You hit Grinder but do no damage. Grinder barely misses you.
You hit Grinder.
Grinder is lightly wounded.
Grinder barely misses you.
You closely miss Grinder.
Grinder is lightly wounded.
Grinder hits you.
You writhe in agony.
You closely miss Grinder.
Grinder is lightly wounded.
You hit Grinder.
Grinder is lightly wounded.
Grinder gestures at you. Pain shoots through your body!
You barely miss Grinder.
Grinder is lightly wounded.
Grinder hits you.
You writhe in agony.
You hit Grinder.
Grinder is lightly wounded.
Grinder hits you.
You writhe in agony.
* * * LOW HITPOINT WARNING * * *
Your +2 dagger of venom stops dripping with poison.
You hear the crackle of electricity.
l - a +2 dagger of electrocution (weapon)
Grinder hits you.
* * * LOW HITPOINT WARNING * * *
Unknown command.
You barely miss Grinder.
Grinder is lightly wounded.
An adder comes into view.
Grinder hits you!
You die...

#### #.. #.#
########5#
.......@.# .#
########.# .###
#.....[.#####....#
#.#####...ยง...##.#
#.#...#.##.#
#.......##.#
##.#.......#
#.###.##..#
#####...###..######


You could see Grinder.

Vanquished Creatures
  An adder (D:2)
  An ufetubus (D:5)
  A worm (D:2)
  A ball python (D:4)
  2 bats (D:2)
  2 endoplasms
  6 goblins
  A hobgoblin (D:2)
  4 kobolds (D:2)
  A quokka (D:2)
  A frilled lizard (D:2)
21 creatures vanquished.

Notes
Turn   | Place    | Note
-------+----------+-------------------------------------------
     0 | D:5      | tsouns the Human Delver began the quest for the Orb.
     0 | D:5      | Reached XP level 1. HP: 18/18 MP: 1/1
   125 | D:4      | Reached XP level 2. HP: 24/24 MP: 2/2
   172 | D:3      | Noticed Grinder
   174 | D:3      | Paralysed by Grinder for 3 turns
   551 | D:2      | Found Zedonn's Antique Weapon Boutique.
   574 | D:2      | Reached XP level 3. HP: 28/29 MP: 3/3
  1668 | D:3      | Paralysed by Grinder for 3 turns
  1679 | D:3      | Slain by Grinder

Illustrated notes

Levels and vault maps discovered:
D:2:      layout_basic, serial_shops, nicolae_shop_hallway_plus, st_stairs_7
D:3:      layout_loops_ring, gammafunk_temple_overflow_wave, uniq_grinder
D:4:      layout_basic, mainiacjoe_overflow_cross_hatched, serial_shops, shop
D:5:      layout_loops_corners, old_standard_altar, kennysheep_decorative_pillar

Skill      XL: |  1  2  3 |
---------------+----------+-----
Long Blades    | 3 |  3.0
Fighting       | |  3.7
Dodging        | |  2.0
Stealth        | |  5.0

Action                   || total
-------------------------++-------
Melee: Falchion          ||    16
       Dagger            ||    45
  Use: Potion            ||     2
       Scroll            ||     1
 Stab: Distracted        ||     2
       Sleeping          ||     4
Armor: Leather armour    ||    14
Dodge: Dodged            ||    23

Table legend: (Time is in decaauts)
 A = Elapsed time spent in this place.
 B = Non-inter-level travel time spent in this place.
 C = Inter-level travel time spent in this place.
 D = Time resting spent in this place.
 E = Time spent auto-exploring this place.
 F = Levels seen in this place.
 G = Mean time per level.
                   A        B        C        D        E       F      G
               +--------+--------+--------+--------+--------+-----+--------+
         Total |   1659 |   1633 |     26 |      0 |   1366 |   4 |  414.8 |
       Dungeon |   1659 |   1633 |     26 |      0 |   1366 |   4 |  414.8 |
               +--------+--------+--------+--------+--------+-----+--------+

Top non-repeatable levels by time:
     D:2: 1463 daAuts
     D:4: 71 daAuts
     D:5: 68 daAuts
     D:3: 55 daAuts
